 Dungeon Crawl Stone Soup version 0.31-a0-702-gf82c85558f (webtiles) character file.

Game seed: 4681818387437588867

28 qw the Shooter (level 3, 0/21 HPs)
             Began as a Gargoyle Hunter on Sept 8, 2023.
             Slain by a quokka (1 damage)
             ... on level 1 of the Dungeon.
             The game lasted 00:00:15 (310 turns).

qw the Shooter (Gargoyle Hunter)                     Turns: 310, Time: 00:00:15

Health: 0/21       AC:  6    Str: 14    XL:     3   Next: 12%
Magic:  3/3        EV: 11    Int:  9    God:
Gold:   24         SH:  0    Dex: 15    Spells: 2/2 levels left

rFire   . . .        a - +0 shortbow
rCold   . . .        (shield currently unavailable)
rNeg    + . .        c - +0 leather armour
rPois   inf          (no helmet)
rElec   +            (no cloak)
rCorr   .            (no gloves)
SInv    .            (no boots)
Will    .....        (no amulet)
Stlth   ++           (no ring)
HPRegen 0.23/turn    (no ring)
MPRegen 0.08/turn

%: no passive effects
@: no status effects
A: sickness immunity, AC +3, negative energy resistance 1, electricity
resistance, torment resistance 1, petrification resistance
a: no special abilities


You were on level 1 of the Dungeon.
You visited 1 branch of the dungeon, and saw 1 of its levels.

You collected 24 gold pieces.


Innate Abilities, Weirdness & Mutations

You are immune to sickness and miasma.
Your stone body is resilient. (AC +3)
You are immune to poison.
You resist negative energy. (rN+)
You are resistant to electric shocks. (rElec)
You are resistant to unholy torment.
You are immune to petrification.


   Skills:
 + Level 2.1 Fighting
 - Level 5.0 Ranged Weapons
 - Level 1.5 Dodging
 - Level 1.1 Stealth


You had 2 spell levels left.
You didn't know any spells.
Your spell library was empty.

Inventory:

Hand Weapons
 a - a +0 shortbow (weapon)
Armour
 c - a +0 leather armour (worn)
 d - a +0 pair of gloves
Scrolls
 b - a scroll of butterflies
 e - a scroll of blinking {unknown}
Potions
 f - a potion of brilliance {unknown}
 g - a potion of mutation {unknown}
 h - a potion of enlightenment {unknown}

Dungeon Overview and Level Annotations

Branches:
Dungeon (1/15)

Altars:


Message History

The bat hits you but does no damage.
The quokka bites you but does no damage.
The quokka bites you.
You shoot an arrow. The ball python hisses angrily.
The arrow hits the quokka.
You kill the quokka!
The bat closely misses you.
The quokka bites you but does no damage.
The rat misses you.
The quokka bites you but does no damage.
You shoot an arrow. The arrow barely misses the rat.
The bat hits you but does no damage.
A bat comes into view.
The rat barely misses you. The quokka barely misses you.
The rat bites you but does no damage.
You shoot an arrow. The arrow closely misses the rat.
The bat barely misses you.
The quokka bites you but does no damage.
The rat bites you but does no damage.
The quokka bites you but does no damage.
You shoot an arrow. The arrow closely misses the rat.
The bat hits you but does no damage.
The quokka bites you but does no damage.
The rat bites you but does no damage.
You shoot an arrow. The arrow closely misses the bat.
The bat hits you but does no damage. The bat barely misses you.
The bat hits you but does no damage.
The quokka bites you but does no damage.
The rat bites you but does no damage.
You shoot an arrow. The arrow hits the bat.
You kill the bat!
The bat closely misses you. The quokka barely misses you. The rat bites you.
The quokka barely misses you.
Your Ranged Weapons skill increases to level 5!
You shoot an arrow.
The arrow closely misses the ball python.
The bat hits you but does no damage. The bat closely misses you.
The rat bites you. The quokka bites you.
You die...

...)..............##
..................#
..##..............#####..
...#.................#....
...##.....#...............
...###..#.................
...# #....#...............
.).# ##..........S........
..## ###..###b.@r...%....
.## ##.###.##r...$.... ##
#......#.........
#####..#........S
##..###%...## ##.........#
####.##.##! .#.# .#.


You could see a quokka, a bat, a ball python and a rat.

Vanquished Creatures
  A dart slug (D:1)
  3 bats (D:1)
  2 endoplasms (D:1)
  4 giant cockroaches (D:1)
  A goblin (D:1)
  3 hobgoblins (D:1)
  A quokka (D:1)
  2 ball pythons (D:1)
  A frilled lizard (D:1)
  3 kobolds (D:1)
  A rat (D:1)
22 creatures vanquished.

Notes
Turn   | Place    | Note
-------+----------+-------------------------------------------
     0 | D:1      | qw the Gargoyle Hunter began the quest for the Orb.
     0 | D:1      | Reached XP level 1. HP: 12/12 MP: 1/1
     0 | D:1      | 0 ||| qw: Version: 0.3-a-76-g4403597
     0 | D:1      | 0 ||| qw: Game counter: 1086
     0 | D:1      | 0 ||| qw: Melee chars always use a shield: true
     0 | D:1      | 0 ||| qw: God list: Okawaru
     0 | D:1      | 0 ||| qw: Allow faded altars: false
     0 | D:1      | 0 ||| qw: Do Orc after clearing Dungeon:15 true
     0 | D:1      | 0 ||| qw: Do second Lair branch before Depths: true
     0 | D:1      | 0 ||| qw: Lair rune preference: random
     0 | D:1      | 0 ||| qw: Goals: Normal
     0 | D:1      | 0 ||| PLANNING D:1-11
    57 | D:1      | Reached XP level 2. HP: 17/17 MP: 2/2
   291 | D:1      | 291 ||| Stepping ~*~*~tactically~*~*~ (retreating).
   292 | D:1      | 292 ||| Stepping ~*~*~tactically~*~*~ (retreating).
   296 | D:1      | Reached XP level 3. HP: 18/21 MP: 3/3
   303 | D:1      | HP: 2/21 [quokka (4)]
   309 | D:1      | HP: 2/21 [rat (2)]
   310 | D:1      | Reached skill level 5 in Ranged Weapons
   310 | D:1      | Slain by a quokka

Levels and vault maps discovered:
D:1:      tarquinn_simple_flora_water_b, layout_rooms, minmay_tromino_v7

Skill      XL: |  1  2  3 |
---------------+----------+-----
Ranged Weapons | 5 |  5.0
Fighting       | |  2.1
Dodging        | |  1.5
Stealth        | |  1.1

Action                     || total
---------------------------++-------
   Fire: Shortbow          ||    70
 Armour: Leather armour    ||    42
  Dodge: Dodged            ||    43

Table legend:
 A = Non-vault XP
 B = Vault XP
 C = Vault XP percentage of total XP
 D = Non-vault monster count
 E = Vault monster count
 F = Vault count percentage of total count
                 A         B        C        D         E       F
            +---------+---------+-------+---------+---------+-------
      Total |      37 |       3 |   7.5 |      20 |       2 |   9.1
            +---------+---------+-------+---------+---------+-------
        D:1 |      37 |       3 |   7.5 |      20 |       2 |   9.1
            +---------+---------+-------+---------+---------+-------
